[Event "Team 45 45 League T62"]
[Site "Internet Chess Club"]
[Date "2014.08.30"]
[Round "1"]
[White "RubberDuck"]
[Black "fhunfi"]
[Result "1-0"]
[WhiteElo "1958"]
[BlackElo "1882"]
[Opening "French: Tarrasch, Guimard variation"]
[ECO "C04"]
[Time "16:30:40"]
[TimeControl "2700+45"]

1. e4 e6 2. d4 d5 3. Nd2 Nc6 4. c3 Nf6 5. e5 Nd7 6. Ngf3 f6 7. exf6 Qxf6 8. Bd3
Bd6 9. O-O O-O 10. Qc2 g6 11. Re1 Nb6 12. Nf1 e5 13. Bg5 Qg7 14. dxe5 Nxe5 15.
Nxe5 Bxe5 16. Qd2 Qh8 17. Bh6 Rd8 18. Ng3 Bd7 19. Re2 Re8 20. Rae1 Bg7 21. Re7
Bf6 22. Rxe8+ Rxe8 23. Rxe8+ Bxe8 24. Qe3 Kf7 25. Qf4 Na8 26. c4 Bc6 27. cxd5
Bxd5 28. Ne4 Bxe4 29. Bc4+ Ke7 30. Qxe4+ Kd7 31. Qd5+ Kc8 32. Qe6+ Kb8 33. b3
Nb6 34. Qg8+ Qxg8 35. Bxg8 g5 36. Bxh7 c5 37. f4 gxf4 38. Bxf4+ Kc8 39. Bf5+ Kd8
40. Be4 c4 41. bxc4 Bd4+ 42. Kf1 Nxc4 43. Bxb7 Ke7 44. h4 Kf6 45. Ke2 Kf5 46.
Bg5 Ne5 47. Bc8+ Kg6 48. g4 Nf7 49. Bf5+ Kg7 50. Bf4 Ne5 51. g5 Nf7 52. h5 Bb2
53. h6+ Kh8 54. g6 Nd8 55. Bg5 Nc6 56. Kd3 {Black resigns} 1-0

[Event "Team 45 45 League T62"]
[Site "Internet Chess Club"]
[Date "2014.08.30"]
[Round "1"]
[White "RamRock"]
[Black "jonesey"]
[Result "0-1"]
[WhiteElo "1730"]
[BlackElo "1827"]
[Opening "Sicilian defense"]
[ECO "B20"]
[Time "20:52:45"]
[TimeControl "2700+45"]

1. e4 c5 2. d3 Nc6 3. g3 g6 4. Bg2 Bg7 5. f4 d6 6. Nf3 Nf6 7. O-O O-O 8. c3 Bg4
9. h3 Bd7 10. Na3 Rb8 11. Nc4 b5 12. Ne3 b4 13. Bd2 Ne8 14. Qc2 Nc7 15. Rab1 Nb5
16. Kh2 Qa5 17. Nc4 Qa6 18. g4 bxc3 19. bxc3 Na3 20. Nxa3 Qxa3 21. Rb3 Qa4 22.
Rfb1 Na5 23. R1b2 Nxb3 24. axb3 Qa3 25. Be3 Qa5 26. e5 Qc7 27. exd6 exd6 28. Ra2
Rfe8 29. Bf2 Bc6 30. b4 Qb7 31. Kg3 cxb4 32. Rxa7 b3 33. Qb2 Qc8 34. d4 Bd5 35.
Nd2 Bxg2 36. Kxg2 Re2 37. Ra1 Ra8 38. Kf3 Rxd2 {White resigns} 0-1

[Event "Team 45 45 League T62"]
[Site "Internet Chess Club"]
[Date "2014.08.30"]
[Round "1"]
[White "edelgado"]
[Black "kidcobra"]
[Result "0-1"]
[WhiteElo "1632"]
[BlackElo "1783"]
[Opening "Nimzovich-Larsen attack: classical variation"]
[ECO "A01"]
[Time "19:01:08"]
[TimeControl "2700+45"]

1. b3 d5 2. Bb2 e6 3. e3 Nf6 4. f4 Ne4 5. Nf3 c5 6. Nc3 Nf6 7. Be2 Bd6 8. O-O
O-O 9. Nb5 Be7 10. c4 a6 11. Na3 Re8 12. Rc1 d4 13. exd4 cxd4 14. d3 Nc6 15. Nc2
Bc5 16. Kh1 Qd6 17. Qd2 a5 18. a3 Bd7 19. Ng5 h6 20. Ne4 Nxe4 21. dxe4 e5 22. f5
f6 23. Rf3 Kh8 24. Rh3 Re7 25. Rf1 Rf8 26. Bh5 Be8 27. Bg6 Qd7 28. Rxh6+ gxh6
29. Qxh6+ Rh7 30. Bxh7 Qxh7 31. Qd2 Kg7 32. b4 Rh8 33. h3 axb4 34. axb4 Be7 35.
b5 Nd8 36. Nb4 Bf7 37. Nd5 Bxd5 38. cxd5 Bc5 39. Qa5 Nf7 40. Qc7 Qh4 41. Qxc5
Qxe4 42. Kh2 Ng5 43. Qe7+ Nf7 44. Rf3 Rh5 45. Rg3+ Rg5 46. Rxg5+ fxg5 47. f6+
Kg6 48. Qxb7 Qf4+ 49. Kh1 Qf1+ 50. Kh2 d3 51. Bc3 Qf4+ 52. Kh1 Qc1+ 53. Kh2 Qxc3
54. d6 d2 55. Qe4+ Kxf6 56. Qe2 Qd4 57. Qf3+ Qf4+ {White resigns} 0-1

[Event "Team 45 45 League T62"]
[Site "Internet Chess Club"]
[Date "2014.08.30"]
[Round "1"]
[White "Timotheous"]
[Black "Innes"]
[Result "1-0"]
[WhiteElo "1810"]
[BlackElo "1645"]
[Opening "Center game: Paulsen attack"]
[ECO "C22"]
[Time "14:15:23"]
[TimeControl "2700+45"]

1. e4 e5 2. d4 exd4 3. Qxd4 Nc6 4. Qe3 b6 5. Nc3 Bc5 6. Qg3 Nf6 7. Bd2 d6 8.
O-O-O Bb7 9. f3 Kf8 10. h4 Qd7 11. Nge2 a6 12. h5 b5 13. h6 g6 14. Nf4 b4 15.
Ncd5 Nxd5 16. Nxd5 Nd4 17. Nxb4 Qa4 18. Bc3 Rb8 19. Bc4 Bxb4 20. Bxd4 Rg8 21.
Bb3 Qd7 22. Qg5 a5 23. a3 a4 24. Ba2 c5 25. Bxc5 Bxc5 26. Qxc5 Ke7 27. Qd4 Rgd8
28. Qg7 Rf8 29. Qxh7 Qb5 30. Qg7 d5 31. exd5 Rfc8 32. d6+ Kd7 33. Qxf7+ Kc6 34.
d7 Rd8 35. Qe6+ Kc7 36. Qd6# {Black checkmated} 1-0

[Event "Team 45 45 League T62"]
[Site "Internet Chess Club"]
[Date "2014.09.02"]
[Round "1"]
[White "Buford-Julep"]
[Black "calsal"]
[Result "1-0"]
[WhiteElo "1728"]
[BlackElo "1746"]
[Opening "English opening"]
[ECO "A16"]
[Time "11:04:14"]
[TimeControl "2700+45"]

1. c4 Nf6 2. Nc3 g6 3. Nf3 Bg7 4. g3 O-O 5. Bg2 d6 6. O-O e5 7. d3 Nc6 8. Rb1 d5
9. cxd5 Nxd5 10. Nxe5 Nxc3 11. Nxc6 Nxd1 12. Nxd8 Nxf2 13. Nxb7 Ng4 14. Na5 Rb8
15. Nc6 Rb5 16. h3 Nh6 17. Ne7+ Kh8 18. Nxc8 Rxc8 19. b3 Kg8 20. Bf4 Ra5 21. a4
g5 22. Bd2 Re5 23. e4 Rd8 24. Bc3 Re7 25. Bxg7 Kxg7 26. Rfd1 Red7 27. Bf1 Rd4
28. Rbc1 R8d7 29. Rc4 Rxc4 30. bxc4 c5 31. Rb1 f6 32. Rb5 Rc7 33. a5 Nf7 34. a6
Nd6 35. Rb3 Rc6 36. Ra3 Kf7 37. Kf2 h5 38. Ra5 Ne8 39. Be2 Kg6 40. Bf3 Rc7 41.
Ke3 Nd6 42. Kd2 Nf7 43. Ke3 Ne5 44. Rb5 Rc6 45. Ra5 Nd7 46. d4 cxd4+ 47. Kxd4
Nb8 48. Kd5 Kf7 49. Bxh5+ Ke7 50. Bg4 Rd6+ 51. Kc5 Nxa6+ 52. Kb5 Nc7+ 53. Kb4 a6
54. Kc3 Ne8 55. e5 Rb6 56. c5 Rc6 57. exf6+ Rxf6 58. Be2 Nc7 59. Kd4 Nb5+ 60.
Bxb5 axb5 61. Rxb5 Kd7 62. c6+ Kxc6 63. Rxg5 Kd7 64. Ke5 Rf1 65. h4 Ke7 66. h5
Rh1 67. Kf5 Kf7 68. Kg4 Rh2 69. Rg6 Rh1 70. Kg5 Rh3 71. g4 Ra3 72. Kf5 Ra5+ 73.
Kf4 Ra4+ 74. Kg5 Ra3 75. Kh6 Ra8 76. Kh7 Ra1 77. g5 Ra2 78. Rb6 {Black resigns}
1-0

[Event "Team 45 45 League T62"]
[Site "Internet Chess Club"]
[Date "2014.08.29"]
[Round "1"]
[White "JeffH"]
[Black "sockbuf"]
[Result "1/2-1/2"]
[WhiteElo "1819"]
[BlackElo "1643"]
[Opening "French: exchange variation"]
[ECO "C01"]
[Time "10:01:11"]
[TimeControl "2700+45"]

1. e4 e6 2. d4 d5 3. exd5 exd5 4. c4 Nf6 5. Nc3 Bb4 6. Nf3 O-O 7. Bd3 dxc4 8.
Bxc4 Bg4 9. O-O Nc6 10. Be3 Rb8 11. a3 Ba5 12. Be2 Nd5 13. Nxd5 Qxd5 14. h3 Bh5
15. Rc1 Bb6 16. Bc4 Qd6 17. d5 Bxe3 18. fxe3 Ne5 19. Be2 Nxf3+ 20. Bxf3 Bxf3 21.
Rxf3 Rfe8 22. Qd4 a6 23. Rcf1 Re7 24. e4 Rbe8 25. e5 Qxe5 26. Qxe5 Rxe5 27. Rxf7
R5e7 28. R7f3 h6 29. Rb3 b5 30. Rc3 Rd8 31. Rd1 Red7 32. Rc5 Rd6 33. Rdc1 Rxd5
34. Rxc7 Rd1+ 35. Rxd1 Rxd1+ 36. Kh2 Rd2 {Game drawn by mutual agreement}
1/2-1/2

[Event "Team 45 45 League T62"]
[Site "Internet Chess Club"]
[Date "2014.08.30"]
[Round "1"]
[White "pauliewoll"]
[Black "SilentKnight"]
[Result "1-0"]
[WhiteElo "1572"]
[BlackElo "1635"]
[Opening "Caro-Kann: advance variation"]
[ECO "B12"]
[Time "16:00:28"]
[TimeControl "2700+45"]

1. e4 c6 2. d4 d5 3. e5 c5 4. dxc5 Nc6 5. Bb5 e6 6. Be3 Ne7 7. c3 Nf5 8. Bd4 Qa5
9. a4 Nxd4 10. b4 Qc7 11. cxd4 a5 12. Qb3 Bd7 13. Nf3 Nxb4 14. Nc3 Be7 15. Bxd7+
Qxd7 16. Nb5 O-O 17. O-O f6 18. exf6 Bxf6 19. Rfe1 Bd8 20. Ne5 Qe7 21. Rac1 Qf6
22. Qe3 Qe7 23. Ng4 h5 24. Ne5 Ra6 25. Ng6 Qf6 26. Nxf8 Qxf8 27. Qh3 Qf6 28.
Rcd1 Rc6 29. Qxh5 b6 30. Qe8+ {Black resigns} 1-0

[Event "Team 45 45 League T62"]
[Site "Internet Chess Club"]
[Date "2014.08.29"]
[Round "1"]
[White "Ostap-Bender"]
[Black "bayoumicardio10"]
[Result "1/2-1/2"]
[WhiteElo "1395"]
[BlackElo "1537"]
[Opening "King's Indian: Andersson variation"]
[ECO "E92"]
[Time "20:14:51"]
[TimeControl "2700+45"]

1. d4 Nf6 2. c4 g6 3. Nc3 Bg7 4. Nf3 O-O 5. e4 d6 6. Be2 e5 7. dxe5 dxe5 8. O-O
Qxd1 9. Rxd1 c6 10. Be3 Bg4 11. h3 Bxf3 12. Bxf3 Nbd7 13. Rd6 Nb6 14. b3 Rfd8
15. Rad1 Rxd6 16. Rxd6 Ne8 17. Rd1 Nf6 18. Rd6 Nbd7 19. g4 Bf8 20. Rd1 h6 21. h4
Nc5 22. g5 hxg5 23. Bxg5 Kg7 24. b4 Ne6 25. Bxf6+ Kxf6 26. c5 Nd4 27. Bg4 a5 28.
Ne2 Nxe2+ 29. Bxe2 axb4 30. Bc4 Bxc5 31. Rd7 Be7 32. Rxb7 Rh8 33. Rb6 Rxh4 34.
Rxc6+ Kg7 35. f3 Rf4 36. Kg2 Rf6 37. Rxf6 Kxf6 38. Kg3 Kg7 39. Kg4 Bd6 40. Bd5
f6 41. Be6 Kf8 42. Bd5 Bc7 43. Bc4 Bb8 44. Bd5 Bd6 45. Bc4 Bc5 46. Bd5 Be3 47.
Bc4 Kg7 48. Be6 Kh6 49. Bd5 Bf4 50. Be6 Kg7 51. Bd5 Kf8 52. Bc4 Ke7 53. Bd5 Kd6
54. Bf7 g5 55. Kf5 Ke7 56. Bd5 Be3 57. Bc4 Bc5 58. Bd5 Bb6 59. Bc4 Bd8 60. Bd5
Kd6 61. Bb3 Kc5 62. Bd5 Kd4 63. Kg4 Ke3 64. Kg3 Be7 65. Be6 Bc5 66. Bd5 Bd4 67.
Be6 Bc3 68. Kg4 Kf2 69. Bd5 Bd2 70. Be6 Be3 71. Bd5 Kg2 72. Be6 Kf2 73. Bd5 Bc5
74. Be6 Be7 75. Bd5 Ke3 76. Be6 Kf2 77. Bd5 Bd8 78. Be6 Be7 {Game drawn by
repetition} 1/2-1/2

[Event "Team 45 45 League T62"]
[Site "Internet Chess Club"]
[Date "2014.08.28"]
[Round "1"]
[White "tryanything"]
[Black "JasonModer"]
[Result "1-0"]
[WhiteElo "1633"]
[BlackElo "1687"]
[Opening "Sicilian: closed, 2...Nc6"]
[ECO "B23"]
[Time "20:00:28"]
[TimeControl "2700+45"]

1. e4 c5 2. Nc3 Nc6 3. d3 e6 4. Nf3 a6 5. g3 Be7 6. Bg2 b5 7. O-O Bb7 8. Be3 d5
9. exd5 exd5 10. d4 c4 11. Re1 Nf6 12. Ne2 O-O 13. c3 Bd6 14. Nf4 Ne5 15. dxe5
Ne4 16. exd6 Qxd6 17. Qd4 Rfe8 18. Rad1 Nf6 19. Qb6 Bc6 20. Nd4 Rec8 21. Nxc6
Rxc6 22. Qd4 Rd8 23. Nxd5 Nxd5 24. Qxd5 Qxd5 25. Rxd5 Rcd6 26. Rxd6 Rxd6 27. Bc5
Rd8 28. Bc6 g6 29. Re8+ Rxe8 30. Bxe8 Kg7 31. Bc6 Kf6 32. Bb7 Ke5 33. Bxa6 Kd5
34. Bb4 Kc6 35. f3 f5 36. Kf2 h6 37. Ke3 g5 38. h3 Kb6 39. Bc8 Kc6 40. Bxf5 Kd5
41. f4 gxf4+ 42. Kxf4 h5 43. g4 h4 44. g5 Kc6 45. g6 Kd5 46. g7 Kc6 47. g8=Q Kc7
48. Qd5 Kb6 49. Qc5+ Ka6 50. Bc8# {Black checkmated} 1-0

[Event "Team 45 45 League T62"]
[Site "Internet Chess Club"]
[Date "2014.09.01"]
[Round "1"]
[White "Aquaman"]
[Black "Bluebeamer"]
[Result "0-1"]
[WhiteElo "1328"]
[BlackElo "1420"]
[Opening "Réti opening"]
[ECO "A04"]
[Time "16:00:15"]
[TimeControl "2700+45"]

1. Nf3 Nc6 2. g3 d5 3. Bg2 Nf6 4. d3 Bf5 5. Nbd2 e6 6. O-O Bc5 7. c3 Bd6 8. Re1
e5 9. e4 dxe4 10. dxe4 Bg4 11. Qc2 Bc5 12. b4 Bb6 13. Nc4 Nd7 14. Bg5 f6 15. Bc1
Be6 16. Nb2 a5 17. b5 Na7 18. a4 Nc8 19. Nd3 Nc5 20. Nxc5 Bxc5 21. Rd1 Qe7 22.
Nh4 Nd6 23. Qe2 O-O-O 24. Ba3 Nc4 25. Bxc5 Qxc5 26. Nf5 g6 27. Nh4 Na3 28. Qb2
Nc4 29. Qc1 Bg4 30. Nf3 Rxd1+ 31. Qxd1 Rd8 32. Qc1 Rd3 33. Nh4 Rd1+ 34. Qxd1
Bxd1 35. Rxd1 Nb2 36. Bh3+ Kb8 37. Rd8+ Ka7 38. Rh8 Qxc3 39. Rxh7 Qe1+ 40. Kg2
Qxe4+ 41. Nf3 g5 42. Rg7 Nxa4 43. Bc8 Nb6 44. Bg4 f5 45. Bh5 g4 46. Rxc7 Qxf3+
47. Kf1 Qd3+ 48. Kg2 Qxb5 49. Bg6 f4 50. gxf4 exf4 51. Be4 f3+ 52. Kh1 Qf1#
{White checkmated} 0-1

[Event "Team 45 45 League T62"]
[Site "Internet Chess Club"]
[Date "2014.09.02"]
[Round "1"]
[White "lemorgado"]
[Black "Shanghaied"]
[Result "0-1"]
[WhiteElo "1950"]
[BlackElo "1801"]
[Opening "Queen's pawn game"]
[ECO "A45"]
[Time "20:00:21"]
[TimeControl "2700+45"]

1. d4 Nf6 2. e3 g6 3. Nf3 Bg7 4. Be2 O-O 5. O-O d6 6. c4 c5 7. Nc3 Nc6 8. d5 Na5
9. e4 a6 10. Bg5 Rb8 11. Qc2 Bd7 12. a4 h6 13. Bf4 Nh5 14. Be3 e6 15. Nd2 exd5
16. exd5 Bf5 17. Bd3 Bxd3 18. Qxd3 Re8 19. Rfe1 Qd7 20. Nf3 Qf5 21. Qxf5 gxf5
22. Rad1 Nxc4 23. Bc1 b5 24. Rxe8+ Rxe8 25. axb5 Bxc3 26. bxc3 axb5 27. Bxh6 Nf6
28. Kf1 Ne4 29. Rc1 Nb6 30. Nh4 f4 31. Bxf4 Nxd5 32. f3 Nxf4 33. fxe4 Nd3 34.
Rb1 Rxe4 35. Nf3 b4 36. Nd2 Rf4+ 37. Ke2 bxc3 38. Kxd3 cxd2 39. Kxd2 Rf2+ 40.
Kd3 Rxg2 41. h4 Rh2 42. Rb6 Rxh4 43. Rxd6 Rd4+ 44. Rxd4 cxd4 45. Kxd4 Kg7 46.
Ke5 Kg6 47. Ke4 Kg5 48. Ke3 Kg4 {White resigns} 0-1

[Event "Team 45 45 League T62"]
[Site "Internet Chess Club"]
[Date "2014.08.28"]
[Round "1"]
[White "cityprosecutor"]
[Black "Nathan-L"]
[Result "0-1"]
[WhiteElo "1752"]
[BlackElo "1849"]
[Opening "French: King's Indian attack"]
[ECO "C00"]
[Time "20:33:49"]
[TimeControl "2700+45"]

1. e4 e6 2. d3 b6 3. f4 Bb7 4. Nf3 d5 5. Nbd2 c5 6. g3 Nf6 7. Qe2 Be7 8. Bg2 Nc6
9. e5 Nd7 10. O-O Qc7 11. b3 h6 12. c4 dxc4 13. dxc4 O-O-O 14. a3 a5 15. Ne4
Ndb8 16. Be3 Rd7 17. Rfd1 Rhd8 18. Rxd7 Rxd7 19. Rd1 Qd8 20. Rxd7 Qxd7 21. Qd2
Qxd2 22. Bxd2 Nd4 23. Nxd4 cxd4 24. b4 Bxe4 25. Bxe4 axb4 26. axb4 Na6 27. b5
Nc5 28. Bc2 d3 29. Bd1 Ne4 30. Be3 Nc3 31. Bh5 g6 32. Bf3 Bc5 33. Kf2 d2 34.
Bxc5 bxc5 35. Ke3 d1=Q 36. Bxd1 Nxd1+ 37. Kd2 Nb2 {White resigns} 0-1

[Event "Team 45 45 League T62"]
[Site "Internet Chess Club"]
[Date "2014.08.31"]
[Round "1"]
[White "GivePeasAChance"]
[Black "timothysmall56"]
[Result "1-0"]
[WhiteElo "1711"]
[BlackElo "1718"]
[Opening "Queen's Indian: old main line, 7.Nc3"]
[ECO "E18"]
[Time "14:02:20"]
[TimeControl "2700+45"]

1. c4 Nf6 2. g3 e6 3. Nf3 b6 4. Bg2 Bb7 5. O-O Be7 6. d4 O-O 7. Nc3 d5 8. cxd5
Nxd5 9. Nxd5 exd5 10. Bf4 c5 11. Rc1 c4 12. Re1 Re8 13. Nd2 g5 14. Be3 Nc6 15.
a3 Bf6 16. Nb1 Na5 17. Nd2 Rc8 18. b4 cxb3 19. Nxb3 Rxc1 20. Nxc1 Nc4 21. Qb3
Qe7 22. Rf1 Qxa3 23. Qb5 Rd8 24. Nd3 Qa5 25. Qb1 Nd2 26. Bxd2 Qxd2 27. e3 Ba6
28. Rd1 Bxd3 29. Qxd3 Qxd3 30. Rxd3 a5 31. Rb3 Rd6 32. Bxd5 Rxd5 33. Rxb6 Bd8
34. Ra6 Kf8 35. Kf1 Rb5 36. h3 Rb1+ 37. Kg2 Ra1 38. Kf3 a4 39. Ke4 a3 40. f4
gxf4 41. gxf4 Be7 42. f5 f6 43. Kd5 Rh1 44. Ke6 Ke8 45. Ra8+ Bd8 46. Rxa3 Rxh3
47. d5 Rg3 48. d6 Rg7 49. e4 Rg4 50. d7+ Kf8 51. Ra8 Rxe4+ 52. Kd5 Re5+ 53. Kd6
Re3 54. Rxd8+ Kf7 55. Rh8 Rd3+ 56. Kc6 Rc3+ 57. Kb5 Rd3 58. d8=Q {Black resigns}
1-0

[Event "Team 45 45 League T62"]
[Site "Internet Chess Club"]
[Date "2014.08.31"]
[Round "1"]
[White "Greedy-Reedy"]
[Black "Kali-Linux"]
[Result "1-0"]
[WhiteElo "1955"]
[BlackElo "1972"]
[Opening "French: Winawer, advance, positional main line"]
[ECO "C19"]
[Time "12:07:27"]
[TimeControl "2700+45"]

1. e4 e6 2. d4 d5 3. Nc3 Bb4 4. e5 c5 5. a3 Bxc3+ 6. bxc3 Ne7 7. Nf3 Bd7 8. a4
Qa5 9. Bd2 Nbc6 10. Bb5 a6 11. Bxc6 Nxc6 12. O-O O-O 13. Re1 Qc7 14. dxc5 Na5
15. Nd4 Nc4 16. Bg5 Nb2 17. Qg4 f5 18. exf6 e5 19. Qg3 Rac8 20. Rxe5 Qxc5 21.
Re7 Rf7 22. Rae1 Rcf8 23. fxg7 Rxg7 24. Rxg7+ Kxg7 25. Be7+ {Black resigns} 1-0

[Event "Team 45 45 League T62"]
[Site "Internet Chess Club"]
[Date "2014.09.02"]
[Round "1"]
[White "pishd"]
[Black "elmaestro"]
[Result "1-0"]
[WhiteElo "1770"]
[BlackElo "1722"]
[Opening "Dutch"]
[ECO "A80"]
[Time "09:10:56"]
[TimeControl "2700+45"]

1. d4 f5 2. Nf3 Nf6 3. e3 e6 4. Be2 Be7 5. O-O O-O 6. c4 d6 7. Nc3 Nc6 8. b3 Qe8
9. d5 Ne5 10. dxe6 Bxe6 11. Ng5 Bd7 12. Nd5 Nxd5 13. Qxd5+ Kh8 14. Nf3 Bc6 15.
Qd1 Bf6 16. Nd4 Bd7 17. Rb1 a6 18. Nf3 Bc6 19. Nxe5 dxe5 20. Bh5 Qe7 21. Bf3
Rad8 22. Qc2 e4 23. Be2 Rd7 24. Bb2 Rfd8 25. Rbd1 Bxb2 26. Qxb2 Qb4 27. a3 Qe7
28. Rxd7 Qxd7 29. g3 Kg8 30. Rd1 Qe7 31. Rxd8+ Qxd8 32. Qd4 Qxd4 33. exd4 Kf7
34. d5 Bd7 35. Kf1 Kf6 36. Ke1 Ke5 37. Kd2 Kd4 38. h4 b5 39. Bf1 bxc4 40. bxc4
Ba4 41. h5 Bb3 42. c5 Kxc5 43. Ke3 a5 44. g4 g6 45. gxf5 gxf5 46. Bh3 Kxd5 47.
Bxf5 h6 48. Bxe4+ Ke5 49. f4+ Kf6 50. Bg6 Bd1 51. Kd4 Bg4 52. Kc5 Bf5 53. Bxf5
Kxf5 54. Kb5 Kxf4 55. Kxa5 Ke4 56. Kb5 Kd4 57. Kc6 Kc4 58. Kxc7 Kb3 59. Kd6 Kxa3
60. Ke6 Kb4 61. Kf6 Kc5 62. Kg6 Kd6 63. Kxh6 Ke7 64. Kg7 {Black resigns} 1-0

[Event "Team 45 45 League T62"]
[Site "Internet Chess Club"]
[Date "2014.08.30"]
[Round "1"]
[White "mongmong"]
[Black "losscause"]
[Result "0-1"]
[WhiteElo "1579"]
[BlackElo "1622"]
[Opening "Old Benoni defense"]
[ECO "A46"]
[Time "22:00:57"]
[TimeControl "2700+45"]

1. d4 Nf6 2. Nf3 c5 3. d5 d6 4. Nc3 e6 5. e4 exd5 6. exd5 g6 7. Bg5 Bg7 8. Bb5+
Bd7 9. Qe2+ Qe7 10. Qxe7+ Kxe7 11. O-O-O a6 12. Bxd7 Nxd7 13. Ne4 h6 14. Bxf6+
Nxf6 15. Nxf6 Bxf6 16. Rde1+ Kd7 17. Re2 Rhe8 18. Rhe1 Rxe2 19. Rxe2 Re8 20.
Rxe8 Kxe8 21. c4 b5 22. b3 Kd7 23. Kc2 b4 24. h3 h5 25. Kd3 Bd8 26. Nd2 Bh4 27.
f3 Kc7 28. g4 Kd7 29. Ke4 Be1 30. Nf1 hxg4 31. fxg4 Ke7 32. Nh2 Bg3 33. Nf3 Kf6
34. h4 Kg7 35. h5 Kh6 36. g5+ {White resigns} 0-1